 Dungeon Crawl Stone Soup version 0.29-a0-802-g34511f41fd (webtiles) character file.

Game seed: 1858061652741562596

1343 gobodom the Sneak (level 8, -1/52 HPs)
             Began as an Octopode Brigand on July 3, 2022.
             Slain by a steam dragon (10 damage)
             ... on level 7 of the Dungeon.
             The game lasted 00:20:56 (6746 turns).

gobodom the Sneak (Octopode Brigand)                Turns: 6746, Time: 00:20:57

Health: -1/52      AC:  1    Str: 12    XL:     8   Next: 62%
Magic:  8/8        EV: 13    Int: 18    God:
Gold:   405        SH:  5    Dex: 13    Spells: 7/7 levels left

rFire   . . .      SeeInvis .   b - +11 arbalest of Uncertain Death {vorpal, rPois Int+4}
rCold   . . .      Faith    .   (shield currently unavailable)
rNeg    + . .      Spirit   .   (helmet restricted)
rPois   +          Reflect  +   f - amulet of reflection
rElec   .          Harm     .   G - ring of positive energy
rCorr   .          Rampage  .   (no ring)
Will    .....                   (no ring)
Stlth   +++++.....              (no ring)
HPRegen 0.17/turn               (no ring)
MPRegen 0.11/turn               (no ring)
                                (no ring)
                                (no ring)

@: studying Stealth
A: almost no armour, amphibious, 8 rings, camouflage 1, gelatinous body 1,
(nimble swimmer 1), tentacles
a: no special abilities


You were on level 7 of the Dungeon.
You visited 1 branch of the dungeon, and saw 7 of its levels.

You collected 405 gold pieces.

Inventory:

Hand Weapons
 b - the +11 arbalest of Uncertain Death (weapon) {vorpal, rPois Int+4}
   (You found it on level 4 of the Dungeon)

   Any ammunition fired from it inflicts extra damage upon your enemies.
   Int:       It affects your intelligence (+4).
   rPois:     It protects you from poison.
 d - a +2 short sword of venom
 e - a +0 triple crossbow
 t - a +4 quarterstaff of chaos
 D - a +1 vampiric short sword
Missiles
 c - 2 curare-tipped darts
 h - 2 boomerangs
 y - 11 poisoned darts
 E - a throwing net
Armour
 j - a +1 buckler
Jewellery
 f - an amulet of reflection (around mantle)
 G - a ring of positive energy (left tentacle)
Wands
 B - a wand of digging (3)
 I - a wand of polymorph (11)
Scrolls
 i - 4 scrolls of noise
 m - 4 scrolls of immolation
 n - 2 scrolls of identify
 o - a scroll of vulnerability {unknown}
 q - a scroll of fear {unknown}
 s - 2 scrolls of torment
 v - 3 scrolls of teleportation {unknown}
 w - a scroll of magic mapping {unknown}
 x - a scroll of enchant weapon {unknown}
 F - a scroll of amnesia {unknown}
Potions
 a - 2 potions of invisibility {unknown}
 g - a potion of cancellation
 k - 2 potions of curing
 l - a potion of lignification
 p - a potion of brilliance
 r - a potion of resistance
 u - a potion of mutation
 z - a potion of flight {unknown}
 A - a potion of magic
 C - a potion of might
 H - a potion of degeneration {unknown}


   Skills:
 + Level 3.5 Fighting
 + Level 3.5 Short Blades
 * Level 7.1 Ranged Weapons
 + Level 4.3 Throwing
 + Level 2.5 Dodging
 + Level 7.5 Stealth
 + Level 0.9 Shields


You had 7 spell levels left.
You didn't know any spells.
Your spell library contained the following spells:

 Spells                   Type           Power      Damage    Failure   Level
 Ignite Poison            Fire/Tmut/Pois 0%         N/A       54%         3
 Inner Flame              Hex/Fire       0%         N/A       54%         3
 Mephitic Cloud           Conj/Pois/Air  0%         N/A       54%         3
 Cause Fear               Hex            0%         N/A       91%         4
 Leda's Liquefaction      Hex/Erth       0%         N/A       91%         4
 Freezing Cloud           Conj/Ice/Air   0%         6-21      99%         5
 Lee's Rapid Deconstruct  Erth           0%         3d5*      99%         5
 Statue Form              Tmut/Erth      0%         N/A       100%        6
 Discord                  Hex            0%         N/A       100%        8


Dungeon Overview and Level Annotations

Branches:
Dungeon (7/15)             Temple (0/1) D:7

Altars:
Dithmenos
Vehumet
The Shining One

Shops:
D:7 *


Innate Abilities, Weirdness & Mutations

You cannot wear most types of armour.
You are amphibious.
You can wear up to eight rings at the same time.
Your skin changes colour to match your surroundings (Stealth+).
Your rubbery body absorbs attacks. (AC +1, EV +1)
((You are camouflaged when in or above water. (Stealth+)))
You have tentacles for arms and can constrict up to eight enemies at once.


Message History

You start resting.
HP restored.
Found a halberd.
You see here a +0 halberd.
A white imp comes into view.
The white imp shouts!
You shoot a bolt. The bolt barely misses the white imp.
The white imp gestures at you. The puff of frost hits you!
You shoot a bolt. The bolt hits the white imp!
You kill the white imp!
There is an open door here.
You open the door.
There is an open door here.
You open the door.
There is an open door here.
v - 3 scrolls labelled SAPNAF JOUSM (gained 1)
A centaur comes into view.
You shoot a bolt. The bolt hits the centaur!
The centaur shouts!
The centaur is severely wounded.
You hear an angry hiss.
The centaur wields a +0 shortbow.
The centaur shoots an arrow.
The arrow hits you!
The centaur shoots an arrow.
The arrow hits you.
You shoot a bolt. The bolt hits the centaur!!
You kill the centaur!
A steam dragon comes into view.
Your Ranged Weapons skill increases to level 7!
You shoot a bolt. The bolt hits the steam dragon!!
The steam dragon is severely wounded.
The steam dragon breathes steam at you. The ball of steam hits you!!
Found 16 gold pieces.
You clumsily bash the steam dragon but do no damage.
Your squeeze misses the steam dragon.
The steam dragon is severely wounded.
You are engulfed in a cloud of scalding steam.
* * * LOW HITPOINT WARNING * * *
The steam dragon bites you!
You die...

### ..#
##.# ...
#§#
##D########
#.@.§.....#
#.#######.#
.). #.#
###. #.# #.
#.# #$ #.#
#. #.#
#.#######.#
#.........#


You could see a steam dragon.

Vanquished Creatures
  The ghost of nxtlvl the Chopper, an amateur NaGl (D:4)
  A steam dragon (D:7)
  A centaur (D:7)
  An ogre (D:6)
  A necrophage (D:4)
  4 scorpions
  A jelly (D:5)
  Crazy Yiuf (D:2)
  4 orc priests
  An orc wizard (D:4)
  4 iguanas
  4 gnolls
  8 adders
  A shadow imp (D:5)
  A white imp (D:7)
  A worm (D:2)
  3 dart slugs
  11 orcs
  7 endoplasms
  4 giant cockroaches
  7 goblins
  3 hobgoblins
  11 jackals
  9 kobolds
  2 quokkas
  9 ball pythons
  2 bats
  5 frilled lizards
  2 rats
110 creatures vanquished.

Vanquished Creatures (others)
  A fungus (D:2)
  A plant (D:4)
2 creatures vanquished.

Grand Total: 112 creatures vanquished

Notes
Turn   | Place    | Note
-------+----------+-------------------------------------------
     0 | D:1      | gobodom the Octopode Brigand began the quest for the Orb.
     0 | D:1      | Reached XP level 1. HP: 14/14 MP: 1/1
    84 | D:1      | Reached XP level 2. HP: 13/19 MP: 2/2
   552 | D:1      | Reached XP level 3. HP: 24/24 MP: 3/3
   903 | D:2      | Found a faded altar of an unknown god.
  1105 | D:2      | Reached skill level 1 in Ranged Weapons
  1793 | D:2      | Reached XP level 4. HP: 26/29 MP: 4/4
  2011 | D:2      | Found a runed translucent door.
  2012 | D:2      | Noticed Crazy Yiuf
  2021 | D:2      | Killed Crazy Yiuf
  2378 | D:3      | Reached XP level 5. HP: 24/35 MP: 5/5
  3390 | D:4      | Found a glowing golden altar of the Shining One.
  3392 | D:4      | Found a shadowy altar of Dithmenos.
  3394 | D:4      | Found a radiant altar of Vehumet.
  3411 | D:4      | Identified the +11 arbalest of Uncertain Death {vorpal,
                  | rPois Int+4}
  3518 | D:4      | Noticed nxtlvl's ghost (amateur NaGl)
  3606 | D:4      | Reached XP level 6. HP: 15/41 MP: 6/6
  3855 | D:4      | Found a runed translucent door.
  3873 | D:4      | Killed nxtlvl's ghost
  3874 | D:4      | Reached XP level 7. HP: 46/46 MP: 7/7
  4369 | D:5      | Entered Level 5 of the Dungeon
  4389 | D:5      | Reached skill level 5 in Ranged Weapons
  4529 | D:5      | Reached XP level 8. HP: 40/52 MP: 8/8
  6278 | D:7      | Found a staircase to the Ecumenical Temple.
  6309 | D:7      | Found Wuipul's Fire Supplies.
  6746 | D:7      | Slain by a steam dragon

Illustrated notes

Levels and vault maps discovered:
D:1:      dpeg_arrival_solitude, layout_rooms
D:2:      minmay_chambers_of_twos, layout_loops_corners, basic_ecumenical_altar,
          uniq_crazy_yiuf_cottage
D:3:      layout_loops_ring, hangedman_decor_growths,
          chequers_serial_rivers_small_a, hex_medium, nrook_uturn
D:4:      layout_gridville, chequers_temple_overflow_statue_of_worship,
          serial_bayou, serial_bayou_lagoon_b, serial_bayou_lake_a,
          serial_bayou_pond_a, serial_bayou_pond_d, serial_bayou_pond_e,
          hellmonk_ghost_happy_afterlife, chequers_avenue
D:5:      layout_cave_pods
D:6:      layout_loops_ring, hangedman_abyss_or_decor_lesser_grid
D:7:      layout_loops_corners, mainiacjoe_overflow_tiny_flanked, temple_green,
          serial_shops, kennysheep_little_box, gammafunk_ghost_necromancy,
          kennysheep_cluttered_room, nicolae_shop_fire_sale
          [nicolae_sub_dead_trees], serial_park_tiny_1, centaur_isle

Skill      XL: |  1  2  3  4  5  6  7  8 |
---------------+-------------------------+-----
Stealth        | 6 7 |  7.5
Ranged Weapons | 1 2 4 5 7 |  7.1
Throwing       | 3 4 |  4.3
Short Blades   | 3 |  3.5
Fighting       | 3 |  3.5
Dodging        | 2 |  2.5
Shields        | |  0.9

Action                   |  1- 3 |  4- 6 |  7- 9 || total
-------------------------+-------+-------+-------++-------
Melee: Short sword       |    23 |    37 |    16 ||    76
       Constrict         |     5 |    16 |     6 ||    27
       Tentacles         |     3 |    10 |     2 ||    15
       Dagger            |     1 |       |       ||     1
       Triple crossbow   |     2 |       |       ||     2
       Punch             |       |     2 |       ||     2
       Arbalest          |       |     7 |     3 ||    10
 Fire: Triple crossbow   |    16 |       |       ||    16
       Arbalest          |       |    20 |    38 ||    58
Throw: Dart              |    32 |    53 |       ||    85
       Boomerang         |       |     7 |     7 ||    14
  Use: Scroll            |       |     8 |     4 ||    12
       Potion            |       |     2 |       ||     2
 Stab: Sleeping          |     2 |     1 |       ||     3
Armor: Skin              |     2 |     6 |     1 ||     9
Dodge: Dodged            |    15 |    34 |     3 ||    52
Block: Other             |     2 |    10 |     3 ||    15
       Reflection        |       |     1 |       ||     1

Table legend: (Time is in decaauts)
 A = Elapsed time spent in this place.
 B = Non-inter-level travel time spent in this place.
 C = Inter-level travel time spent in this place.
 D = Time resting spent in this place.
 E = Time spent auto-exploring this place.
 F = Levels seen in this place.
 G = Mean time per level.
                   A        B        C        D        E       F      G
               +--------+--------+--------+--------+--------+-----+--------+
         Total |   6796 |   6480 |    316 |    671 |   4708 |   7 |  970.9 |
       Dungeon |   6796 |   6480 |    316 |    671 |   4708 |   7 |  970.9 |
               +--------+--------+--------+--------+--------+-----+--------+

Top non-repeatable levels by time:
     D:2: 1432 daAuts
     D:3: 1179 daAuts
     D:4: 1011 daAuts
     D:6: 961 daAuts
     D:5: 885 daAuts
     D:1: 778 daAuts
     D:7: 548 daAuts
